 Dungeon Crawl Stone Soup version 0.30-a0-21-g5d08c37080 (webtiles) character file.

Game seed: 5498800775045568061

390 Araneus the Insei (level 6, 0/47 HPs)
             Began as a Demonspawn Monk on Aug 24, 2022.
             Killed from afar by an orc wizard (8 damage)
             ... with a magic dart
             ... on level 4 of the Dungeon.
             The game lasted 00:05:19 (2934 turns).

Araneus the Insei (Demonspawn Monk)                 Turns: 2934, Time: 00:05:20

Health: 0/47       AC:  3    Str: 13    XL:     6   Next: 50%
Magic:  6/6        EV: 13    Int: 13    God:
Gold:   94         SH:  0    Dex: 16    Spells: 5/5 levels left

rFire   . . .      SeeInvis .      - Unarmed
rCold   . . .      Faith    .    (no shield)
rNeg    . . .      Spirit   .    a - +0 robe
rPois   .          Reflect  .    (no helmet)
rElec   .          Harm     .    j - +0 cloak
rCorr   .          Rampage  .    (no gloves)
Will    .....                    (no boots)
Stlth   ++........               (no amulet)
HPRegen 0.15/turn                (no ring)
MPRegen 0.10/turn                (no ring)

@: no status effects
A: foul stench 1, big brain 1, demonic touch 1
a: no special abilities


You were on level 4 of the Dungeon.
You visited 2 branches of the dungeon, and saw 7 of its levels.

You collected 94 gold pieces.

Inventory:

Armour
 a - a +0 robe (worn)
 j - a +0 cloak (worn)
Jewellery
 f - a ring of willpower
 o - a +6 ring of intelligence
Scrolls
 c - 2 scrolls of immolation {unknown}
 d - 4 scrolls of amnesia {unknown}
 e - 2 scrolls of teleportation {unknown}
 g - a scroll of noise {unknown}
 i - a scroll of magic mapping {unknown}
 l - 5 scrolls of identify {unknown}
 n - a scroll of silence {unknown}
 p - a scroll of summoning {unknown}
 q - a scroll of butterflies {unknown}
 r - a scroll of poison {unknown}
Potions
 b - a potion of ambrosia


   Skills:
 + Level 3.2 Fighting
 + Level 3.8 Dodging
 - Level 1.7 Stealth
 * Level 6.0 Unarmed Combat


You had 5 spell levels left.
You didn't know any spells.
Your spell library was empty.

Dungeon Overview and Level Annotations

Branches:
Dungeon (6/15)             Temple (1/1) D:4

Altars:
Ashenzari
Cheibriados
Fedhas
Gozag
Hepliaklqana
Makhleb
Nemelex Xobeh
Okawaru
Ru
Uskayaw
Xom
Yredelemnul

Annotations:
D:3 Ijyb


Innate Abilities, Weirdness & Mutations

You may rarely emit foul miasma when damaged in melee.
You have an unusually large brain. (Int +2)
Your touch may inflict minor irresistible damage on your foes.


Message History

* * * LOW HITPOINT WARNING * * *
Your Unarmed Combat skill increases to level 6!
It was a potion of magic.
Magic courses through your body.
The goblin shoots a sling bullet.
The sling bullet barely misses you.
It was a potion of brilliance.
You feel clever all of a sudden.
The goblin shoots a sling bullet.
The sling bullet barely misses you.
It was a potion of cancellation.
Your magical effects are unravelling.
You feel magically purged.
You feel a little less clever now.
The goblin shoots a sling bullet.
The sling bullet completely misses you.
The goblin shoots a sling bullet.
The sling bullet closely misses you.
The goblin shoots a sling bullet.
The sling bullet barely misses you.
The kobold throws a stone.
The stone completely misses you.
An orc comes into view. It is wielding a +0 club.
The orc shouts!
You hear a shout!
The gnoll shouts!
You hear a shout!
An orc wizard comes into view. It is wielding a +0 dagger.
The orc barely misses you.
You punch the orc!
You kill the orc!
The kobold throws a stone.
The stone barely misses you.
The stone barely misses the gnoll.
An orc comes into view. It is wielding a +0 club.
The gnoll misses you.
Things that are here:
a +0 club; an orc corpse You barely miss the gnoll.
You touch the gnoll!
Your punch misses the gnoll.
The gnoll is severely wounded.
The gnoll barely misses you.
You hit the gnoll.
The gnoll is almost dead.
The gnoll hits you with a +0 club.
* * * LOW HITPOINT WARNING * * *
You hit the gnoll.
The gnoll is almost dead.
The orc wizard gestures at you while chanting.
The magic dart hits you!
You die...

#.~≈~....# #.~≈~....# #
###≈~....#
#############o..#≈~P...# ....
............#o..#≈~....# ~...
~≈o~o~~~~~≈~#####≈~....#
~...g≈≈≈≈≈≈≈~≈≈≈≈≈≈≈≈≈≈))...#
~....~~≈≈~~~≈~~≈≈~~~~≈~~...P#
...........g@.K..g..........#
......############g[###.#####
......).## ##.##....##
.........## ###.##......#
.......>..# ###...........#
..........###K..#..#......#
..........gg.#####.......##
..........g### #..#....#
.........### ##......#


You could see an orc wizard, 2 gnolls, an orc, a goblin and a kobold.

Vanquished Creatures
  2 howler monkeys (D:4)
  Natasha (thrice) (D:2)
  Terence (D:2)
  An orc wizard (D:4)
  6 gnolls (D:4)
  5 adders
  2 dart slugs (D:1)
  4 orcs (D:4)
  6 ball pythons
  4 endoplasms
  3 giant cockroaches
  5 goblins
  4 hobgoblins
  15 jackals
  3 quokkas
  6 bats
  2 frilled lizards (D:1)
  6 kobolds
  4 rats
82 creatures vanquished.

Vanquished Creatures (others)
  A plant (D:4)
1 creature vanquished.

Grand Total: 83 creatures vanquished

Notes
Turn   | Place    | Note
-------+----------+-------------------------------------------
     0 | D:1      | Araneus the Demonspawn Monk began the quest for the Orb.
     0 | D:1      | Reached XP level 1. HP: 18/18 MP: 1/1
   245 | D:1      | Reached skill level 3 in Unarmed Combat
   362 | D:1      | Gained mutation: Your touch may inflict minor irresistible
                  | damage on your foes. [demonic ancestry]
   362 | D:1      | Reached XP level 2. HP: 22/24 MP: 2/2
   567 | D:1      | Found a faded altar of an unknown god.
   903 | D:1      | Gained mutation: You have an unusually large brain. (Int
                  | +2) [demonic ancestry]
   903 | D:1      | Reached XP level 3. HP: 29/29 MP: 3/3
  1342 | D:2      | Noticed Terence
  1352 | D:2      | Killed Terence
  1629 | D:2      | Gained mutation: You may rarely emit foul miasma when
                  | damaged in melee. [demonic ancestry]
  1629 | D:2      | Reached XP level 4. HP: 35/35 MP: 4/4
  1659 | D:2      | Noticed Natasha
  1669 | D:2      | Killed Natasha
  1670 | D:2      | Reached skill level 4 in Unarmed Combat
  1770 | D:2      | Noticed Natasha
  1776 | D:2      | Killed Natasha
  1962 | D:2      | Reached XP level 5. HP: 39/41 MP: 5/5
  2016 | D:2      | Noticed Natasha
  2027 | D:2      | Killed Natasha
  2278 | D:3      | Noticed Ijyb
  2281 | D:3      | You fall into a shaft and drop 3 floors!
  2290 | D:5      | Entered Level 5 of the Dungeon
  2295 | D:5      | Reached skill level 5 in Unarmed Combat
  2299 | D:4      | Found a staircase to the Ecumenical Temple.
  2313 | Temple   | Entered the Ecumenical Temple
  2701 | D:4      | Reached XP level 6. HP: 36/47 MP: 6/6
  2915 | D:4      | Reached skill level 6 in Unarmed Combat
  2934 | D:4      | Killed from afar by an orc wizard

Illustrated notes

Levels and vault maps discovered:
D:1:      lightli_arrival_maybe_door_vault, layout_loops_corners,
          hellmonk_ecumenical_altar_crossroads, hangedman_decor_points,
          grunt_decor_one_mirror
D:2:      layout_basic, uniq_terence, uniq_natasha
D:3:      layout_rooms, ebering_ghost_sewer_f, dk_noncrumbling_2,
          uniq_crazy_yiuf_cottage, uniq_ijyb
D:4:      lemuel_castle_with_subvaults [lemuel_castle_interior_carwin_3],
          layout_cave_pods, minmay_temple_entry_mini_moons,
          hangedman_decor_slide_cut, kennysheep_small_spiral,
          uniq_blork_the_orc, uniq_sigmund
D:5:      layout_gridville, gammafunk_temple_overflow_claw
D:6:      layout_rooms, nicolae_tso_swordbearing_angel, uniq_duvessa
Temple:   oiseaux_autumnal_temple

Skill      XL: |  1  2  3  4  5  6 |
---------------+-------------------+-----
Unarmed Combat | 3 4 5 6 |  6.0
Dodging        | 3 |  3.8
Fighting       | |  3.2
Stealth        | |  1.7

Action                   |  1- 3 |  4- 6 || total
-------------------------+-------+-------++-------
Melee: Unarmed           |    83 |   114 ||   197
       Touch             |    11 |    25 ||    36
       Punch             |     2 |     1 ||     3
  Use: Potion            |       |     3 ||     3
 Stab: Sleeping          |     5 |     2 ||     7
Armor: Robe              |    20 |    14 ||    34
Dodge: Dodged            |    59 |    73 ||   132

Table legend: (Time is in decaauts)
 A = Elapsed time spent in this place.
 B = Non-inter-level travel time spent in this place.
 C = Inter-level travel time spent in this place.
 D = Time resting spent in this place.
 E = Time spent auto-exploring this place.
 F = Levels seen in this place.
 G = Mean time per level.
                   A        B        C        D        E       F      G
               +--------+--------+--------+--------+--------+-----+--------+
         Total |   2932 |   2836 |     96 |      0 |   2319 |   7 |  418.9 |
       Dungeon |   2613 |   2550 |     63 |      0 |   2047 |   6 |  435.5 |
        Temple |    319 |    286 |     33 |      0 |    271 |   1 |  319.0 |
               +--------+--------+--------+--------+--------+-----+--------+

Top non-repeatable levels by time:
     D:1: 1289 daAuts
     D:2: 869 daAuts
     D:4: 325 daAuts
  Temple: 319 daAuts
     D:3: 112 daAuts
     D:6: 8 daAuts
     D:5: 8 daAuts
